AoeStats
← 冰蓝

Arabia

510745320Analyzed
1v1 RM · 20h ago on Oct 2, 2026· 29m 24s· 2 players
Game mode
Random Map
Map size
Tiny (2 player)
Population
200
Speed
Normal
Resources
Standard
Victory
Conquest
Starting age
Dark Age
Ending age
Imperial Age
RankedLock teamsTeams togetherTeam positionsShared explorationLock speedFull tech treeHidden civsTurbo modeCheats
Victory
Defeat
🇦🇹 Saxons · Austria
982
+17
🇨🇳 Magyars · China
1000
-51
outsidetheflags
7:02 Loom
9:38 Feudal Age
11:00 Double-Bit Axe
13:32 Horse Collar
18:31 Fletching
22:32 Castle Age
20:38 Gold Mining
22:36 Crossbowman
23:14 Bodkin Arrow
26:04 Thumb Ring
28:50 Padded Archer Armor
29:10 Bow Saw
冰蓝
12:01 Feudal Age
12:51 Double-Bit Axe
14:20 Bloodlines
15:55 Wheelbarrow
20:21 Gold Mining
22:46 Scale Barding Armor
23:15 Horse Collar
24:28 Fletching
29:46 Castle Age
Connection lost

Rejoining the realm…

Still unreachable

The connection could not be restored.

Session expired

The server has moved on; the page needs a fresh start.